 Dungeon Crawl Stone Soup version 0.32-a0-675-gdc239d62e1 (webtiles) character file.

Game seed: 10428799917559672145

127558 GordonOverkill the Eclecticist (level 16, -5/145 HPs)
             Began as a Deep Elf Delver on Mar 8, 2024.
             Was a High Priest of Vehumet.
             Slain by a steelbarb worm (10 damage)
             ... on level 3 of the Spider Nest on Mar 11, 2024.
             The game lasted 01:21:59 (39317 turns).

GordonOverkill the Eclecticist (Deep Elf Delver)   Turns: 39317, Time: 01:21:59

Health: -5/145     AC: 17    Str: 10 (12) XL:     16   Next: 46%
Magic:  10/37      EV: 14    Int: 17 (24) God:    Vehumet [*****.]
Gold:   2237       SH:  8    Dex: 14 (16) Spells: 9/45 levels left

rFire   + . .        O - +9 lance "Wyrmbane" {slay drac, rPois rF+ rC+ AC+3}
rCold   + . .        W - +3 warlock's mirror {omnireflect}
rNeg    + . .        h - +2 robe {rN+}
rPois   +            w - +2 helmet
rElec   .            I - +2 cloak {rCorr}
rCorr   +            f - +2 pair of gloves
SInv    .            M - +0 pair of boots
Will    +++..        c - amulet of magic regeneration Stlth
                     P - ring "Zucoof" {Wiz Will++ Str+3}
HPRegen 0.44/turn    D - ring of wizardry
MPRegen 0.65/turn

%: reflection, wizardry (x2)
@: mighty, berserking, spiked, very quick
A: no striking features
a: Renounce Religion


You were on level 3 of the Spider Nest.
You worshipped Vehumet.
Vehumet was extremely pleased with you.
You visited 4 branches of the dungeon, and saw 24 of its levels.

You collected 2327 gold pieces.
You spent 90 gold pieces at shops.

Inventory:

Hand Weapons
 a - the +4 trident "Iwiciastu" {venom, +Blink rElec rN+ Int+3}
   (You found it on level 5 of the Dungeon)

   Int+3:     It affects your intelligence (+3).
   rElec:     It insulates you from electricity.
   rN+:       It protects you from negative energy.
   +Blink:    It lets you blink.
 b - the +5 sling of Ahorri Mive {heavy, *Corrode rC- Dex+8}
   (You found it on level 4 of the Dungeon)

   Dex+8:     It affects your dexterity (+8).
   rC-:       It makes you vulnerable to cold.
   *Corrode:  It may corrode you when you take damage.
 L - a +6 dagger of venom
 O - the +9 lance "Wyrmbane" (weapon) {slay drac, rPois rF+ rC+ AC+3}
   (You took it off Maggie on level 2 of the Lair of Beasts)

   AC+3:      It affects your AC (+3).
   rF+:       It protects you from fire.
   rC+:       It protects you from cold.
   rPois:     It protects you from poison.
Missiles
 j - 4 throwing nets
Armour
 f - a +2 pair of gloves (worn)
 h - a +2 robe of positive energy (worn)
 l - a +2 leather armour of fire resistance
 w - a +2 helmet (worn)
 I - a +2 cloak of preservation (worn)
 K - +0 steam dragon scales
 M - a +0 pair of boots (worn)
 W - the +3 warlock's mirror (worn) {omnireflect}
   (You found it on level 4 of the Lair of Beasts)

   Omnireflect: It can block and reflect piercing ranged attacks and magical
   attacks against the wielder's willpower.
Magical Staves
 A - a staff of earth
Jewellery
 c - an amulet of magic regeneration (around neck)
 s - a ring of poison resistance
 y - an amulet of reflection
 D - a ring of wizardry (right hand)
 P - the ring "Zucoof" (left hand) {Wiz Will++ Str+3}
   (You found it on level 2 of the Lair of Beasts)

   [ring of wizardry]

   Wiz:       It improves your spell success rate.
   Str+3:     It affects your strength (+3).
   Will++:    It greatly increases your willpower.
 U - a ring of ice
Wands
 i - a wand of roots (14)
 S - a wand of light (1)
 T - a wand of paralysis (12)
 Z - a wand of flame (17)
Scrolls
 d - 5 scrolls of revelation
 m - 6 scrolls of teleportation
 q - 3 scrolls of vulnerability
 x - 3 scrolls of immolation
 z - a scroll of amnesia
 B - a scroll of identify
 E - 3 scrolls of poison
 N - a scroll of torment
 Q - a scroll of silence
Potions
 e - 5 potions of degeneration
 k - a potion of mutation
 n - 3 potions of resistance
 o - 3 potions of ambrosia
 p - 5 potions of curing
 r - 5 potions of attraction
 t - a potion of cancellation
 v - a potion of berserk rage
 C - a potion of might
 F - 2 potions of enlightenment
 G - 2 potions of brilliance
 H - a potion of lignification
 Y - a potion of invisibility


   Skills:
 - Level 10.0 Fighting
 - Level 2.0 Short Blades
 - Level 7.0 Polearms
 - Level 2.0 Ranged Weapons
 - Level 6.0 Dodging
 - Level 6.0 Stealth
 - Level 5.0 Shields
 - Level 15.0 Spellcasting
 - Level 5.0 Conjurations
 - Level 12.0 Necromancy
 + Level 14.9 Ice Magic
 - Level 5.0 Air Magic
 - Level 15.0 Earth Magic
 - Level 3.0 Alchemy
 - Level 3.0 Evocations


You had 9 spell levels left.
You knew the following spells:

 Your Spells              Type           Power      Damage    Failure   Level
a - Borgnjor's Vile Clut  Necr/Erth      27%        N/A       1%          5
b - Death Channel         Necr           26%        N/A       2%          6
c - Petrify               Alch/Erth      43%        N/A       1%          4
d - Stone Arrow           Conj/Erth      92%        3d12      1%          3
e - Airstrike             Air            14%        2d(3-19)  1%          4
f - Ozocubu's Refrigerat  Ice            29%        4d14      1%          7
g - Orb of Destruction    Conj           14%        9d7       41%         7

Your spell library contained the following spells:

 Spells                   Type           Power      Damage    Failure   Level
 Lee's Rapid Deconstruct  Erth           29%        3d15*     1%          5
 Apportation              Tloc           24%        N/A       1%          1
 Foxfire                  Conj/Fire      84%        2x1d8     1%          1
 Kiss of Death            Conj/Necr      100%       2d13      1%          1
 Necrotise                Necr           100%       1d9       1%          1
 Slow                     Hex            48%        N/A       1%          1
 Sting                    Conj/Alch      100%       1d9       1%          1
 Summon Small Mammal      Summ           48%        N/A       1%          1
 Mercury Vapours          Alch/Air       52%        N/A       1%          2
 Frozen Ramparts          Ice            100%       1d16      1%          3
 Animate Dead             Necr           52%        N/A       1%          4
 Brom's Barrelling Bould  Conj/Erth      46%        2d6       1%          4
 Dispel Undead            Necr           52%        3d19      1%          4
 Leda's Liquefaction      Alch/Erth      21%        N/A       1%          4
 Olgreb's Toxic Radiance  Alch           22%        N/A       1%          4
 Iskenderun's Battlesphe  Conj           29%        2d8       2%          5
 Metabolic Englaciation   Hex/Ice        19%        N/A       2%          5
 Fireball                 Conj/Fire      10%        3d6       5%          5
 Call Canine Familiar     Summ           12%        N/A       6%          3
 Confusing Touch          Hex            12%        N/A       6%          3
 Gell's Gravitas          Tloc           12%        N/A       6%          3
 Sigil of Binding         Hex            12%        N/A       6%          3
 Teleport Other           Tloc           12%        N/A       6%          3
 Conjure Ball Lightning   Conj/Air       14%        3x3d6     10%         6
 Dimensional Bullseye     Hex/Tloc       6%         N/A       17%         4
 Plasma Beam              Fire/Air       10%        2x1d21    24%         6
 Starburst                Conj/Fire      10%        6d5       24%         6
 Borgnjor's Revivificati  Necr           26%        N/A       61%         8
 Haunt                    Necr/Summ      16%        N/A       75%         7
 Dispersal                Tloc           6%         N/A       92%         6
 Death's Door             Necr           26%        N/A       100%        9


Dungeon Overview and Level Annotations

Branches:
Dungeon (15/15)            Temple (1/1) D:7            Lair (5/5) D:10
  Swamp (0/4) Lair:2       Spider (3/4) Lair:3        Slime (0/5) Lair:5
    Orc (0/2) D:11         Vaults (0/5) D:14         Depths (0/4) D:15

Altars:
Ashenzari
Cheibriados
Dithmenos
Elyvilon
Fedhas
Gozag
Hepliaklqana
Kikubaaqudgha
Makhleb
Nemelex Xobeh
Okawaru
Qazlal
Ru
Sif Muna
Trog
Uskayaw
Vehumet
Wu Jian
Xom
Yredelemnul
Zin
The Shining One
Jiyva
Lugonu

Portals:
Abyss: Lair:5

Annotations:
D:8 1 runed translucent door, Stonecrops's ghost, novice FoFi
D:10 1 runed translucent door, Stonecrops's ghost, novice FoFi


Message History

The steelbarb worm is heavily wounded.
You block the steelbarb worm's attack. You block the demonic crawler's attack.
The demonic crawler misses you. The demonic crawler barely misses you.
You hit the steelbarb worm.
The steelbarb worm is heavily wounded.
The steelbarb worm hits you but does no damage.
You hit the steelbarb worm.
The steelbarb worm is severely wounded.
The demonic crawler hits you but does no damage.
The demonic crawler hits you!
* * * LOW HITPOINT WARNING * * *
The demonic crawler misses you.
You puncture the steelbarb worm!
The steelbarb worm is severely wounded.
The steelbarb worm hits you!
* * * LOW HITPOINT WARNING * * *
More barbed spikes become lodged in your body.
The demonic crawler barely misses you.
The demonic crawler hits you but does no damage.
You block the demonic crawler's attack.
You hit the steelbarb worm.
The steelbarb worm is almost dead.
The steelbarb worm hits you!!
* * * LOW HITPOINT WARNING * * *
More barbed spikes become lodged in your body.
You barely miss the steelbarb worm.
The steelbarb worm is severely wounded.
You block the demonic crawler's attack.
The demonic crawler hits you but does no damage.
The demonic crawler hits you!
* * * LOW HITPOINT WARNING * * *
Okay, then.
You hit the steelbarb worm.
The steelbarb worm is almost dead.
The steelbarb worm closely misses you.
You block the demonic crawler's attack. x2
The demonic crawler closely misses you.
You hit the steelbarb worm.
The steelbarb worm is almost dead.
The steelbarb worm hits you!
You die...

###
####..####
#...^....###
.........s@#
......^...w#
...........#
##
.........^.#
#. .#
.<......$.##
. #^ .#
...........
.^## #. .#
........#...
....##. .#
.......###...
.....#^ .#
....... ####
.....##


You could see a steelbarb worm and a demonic crawler.

Vanquished Creatures
  Arachne (Spider:2)
  Rupert (D:12)
  Kirke (D:14)
  A tengu reaver (D:12)
  An emperor scorpion (Spider:1)
  2 broodmothers (Spider:2)
  An eleionoma (Lair:2)
  A spark wasp (Spider:1)
  2 fire dragons (D:15)
  An entropy weaver (Spider:1)
  5 hydras
  An ogre mage (D:15)
  2 catoblepae
  2 radroaches (Spider:2)
  Erica (Lair:2)
  10 centaur warriors
  12 two-headed ogres
  2 demonic crawlers
  2 tengu warriors (D:13)
  2 thrashing horrors (Lair:5)
  A skyshark (Lair:2)
  Lodul (D:10)
  Amaemon (Lair:3)
  6 skeletal warriors
  3 pharaoh ants (Spider:1)
  5 orb spiders
  An orc knight (D:13)
  2 sun moths
  A deep elf archer (D:13)
  10 wolf spiders
  A lindwurm (Lair:4)
  2 steelbarb worms
  A deep elf pyromancer (D:14)
  20 ugly things
  9 cyclopes
  An oklob plant (Lair:5)
  2 manticores (D:14)
  A moth of wrath (Spider:3)
  3 large abominations (Lair:5)
  11 elephants
  6 meliai
  An orange demon (Lair:3)
  A black mamba (shapeshifter) (D:15)
  13 cane toads
  3 smoke demons (Lair:5)
  3 torpor snails
  2 gargoyles
  A yaktaur (D:13)
  4 rime drakes
  5 unseen horrors
  2 kobold demonologists
  An unseen horror (shapeshifter) (D:13)
  Psyche (D:9)
  5 komodo dragons
  A queen bee (shapeshifter) (D:13)
  7 trolls
  10 tarantellas
  A polar bear (Lair:5)
  Grinder (D:3)
  14 blink frogs
  3 raiju (Lair:5)
  5 jumping spiders (Spider:1)
  23 slime creatures
  8 small abominations (Lair:5)
  2 spriggans (Lair:5)
  Sigmund (D:3)
  11 culicivoras
  52 yaks
  4 wraiths
  3 wyverns
  A fire elemental (D:15)
  3 hogs (D:15)
  A vampire (D:13)
  2 golden eyes (shapeshifter)
  16 humans
  A steam dragon (D:8)
  6 basilisks
  6 vampire mosquitoes (D:13)
  18 redbacks
  2 chaos spawn (Lair:5)
  An acid dragon (shapeshifter) (D:13)
  3 acid dragons
  20 water moccasins
  Duvessa (D:6)
  3 sky beasts
  2 orc warriors
  A swamp drake (shapeshifter) (Lair:5)
  2 ice beasts (D:7)
  2 black bears
  A centaur (shapeshifter) (D:12)
  8 centaurs
  7 wolves
  7 ogres
  2 phantoms
  4 kobold brigands
  2 gnoll sergeants
  7 bullfrogs
  A scorpion (D:10)
  7 wights
  Dowan (D:6)
  11 killer bees
  2 electric eels (D:12)
  A bombardier beetle (D:5)
  2 howler monkeys (D:9)
  A crimson imp (D:8)
  7 hounds
  3 jellies
  Crazy Yiuf (D:7)
  3 orc priests
  A gnoll bouda (D:9)
  Jessica (D:3)
  3 iguanas
  11 orc wizards
  A hell rat (Lair:3)
  16 gnolls
  7 adders
  6 river rats (Lair:3)
  A shadow imp (D:6)
  A white imp (D:5)
  3 ribbon worms
  40 orcs
  9 endoplasms
  3 giant cockroaches
  2 goblins
  7 hobgoblins
  26 kobolds
  3 quokkas
  4 ball pythons
  9 bats
  2 frilled lizards
  5 rats
  A butterfly (Lair:2)
658 creatures vanquished.

Vanquished Creatures (collateral kills)
  Urug (D:11)
  A skyshark (Lair:5)
  4 elephants
  Maggie (Lair:2)
  A cane toad (Lair:5)
  A torpor snail (Lair:3)
  2 slime creatures (D:13)
  2 culicivoras (Lair:3)
  A shadow (D:10)
  A small abomination (Lair:5)
  17 yaks
  A water moccasin (Lair:4)
  A wolf (Lair:4)
  2 bullfrogs
  A wight (D:9)
  2 howler monkeys
  A jelly (Lair:5)
  A hell rat (Lair:3)
  3 river rats (Lair:3)
44 creatures vanquished.

Grand Total: 702 creatures vanquished

Notes
Turn   | Place    | Note
-------+----------+-------------------------------------------
     0 | D:5      | GordonOverkill the Deep Elf Delver began the quest for the
                  | Orb.
     0 | D:5      | Reached XP level 1. HP: 13/13 MP: 3/3
    57 | D:5      | Reached skill level 1 in Spellcasting
    57 | D:5      | Reached XP level 2. HP: 18/18 MP: 3/5
    59 | D:5      | Reached skill level 1 in Necromancy
    61 | D:5      | Reached skill level 1 in Earth Magic
    61 | D:5      | Reached XP level 3. HP: 23/23 MP: 3/7
   142 | D:5      | Reached XP level 4. HP: 18/28 MP: 9/9
   162 | D:5      | Identified the +4 trident "Iwiciastu" {venom, +Blink rElec
                  | rN+ Int+3}
   247 | D:4      | Identified the +5 sling of Ahorri Mive {heavy, *Corrode rC-
                  | Dex+8}
   304 | D:4      | Found a snail-covered altar of Cheibriados.
   312 | D:4      | Noticed a sky beast
   331 | D:4      | Killed a sky beast
   332 | D:4      | Reached XP level 5. HP: 15/32 MP: 11/11
   496 | D:5      | Noticed a water moccasin
   691 | D:5      | Reached XP level 6. HP: 32/37 MP: 12/12
  1569 | D:4      | Reached XP level 7. HP: 30/41 MP: 13/13
  2192 | D:3      | Found an iron altar of Okawaru.
  2243 | D:3      | Noticed Sigmund
  2251 | D:3      | Killed Sigmund
  2252 | D:3      | Reached skill level 5 in Polearms
  2336 | D:3      | Noticed Jessica
  2343 | D:3      | Killed Jessica
  3029 | D:3      | Noticed Grinder
  3038 | D:3      | Killed Grinder
  3039 | D:3      | Reached skill level 5 in Necromancy
  3039 | D:3      | Reached XP level 8. HP: 37/46 MP: 14/14
  4160 | D:1      | Found a faded altar of an unknown god.
  4164 | D:1      | Got Plato's Almanac of the Jinx
  4909 | D:6      | Reached skill level 5 in Earth Magic
  4943 | D:6      | Identified the +8 rapier "Molyapia" {vamp, *Rage Str+2
                  | SInv}
  4998 | D:6      | Found a sacrificial altar of Ru.
  5178 | D:6      | Noticed Duvessa
  5189 | D:6      | Killed Duvessa
  5189 | D:6      | Noticed Dowan
  5201 | D:6      | Killed Dowan
  5564 | D:6      | Found a glowing golden altar of the Shining One.
  5564 | D:6      | Found a glowing silver altar of Zin.
  5564 | D:6      | Found a white marble altar of Elyvilon.
  5929 | D:7      | Found a staircase to the Ecumenical Temple.
  5939 | D:7      | Reached XP level 9. HP: 50/50 MP: 15/15
  6123 | D:7      | Learned a level 5 spell: Borgnjor's Vile Clutch
  6162 | Temple   | Entered the Ecumenical Temple
  6171 | Temple   | Became a worshipper of Vehumet
  6653 | D:7      | Found a blossoming altar of Fedhas.
  6666 | D:7      | Found a hazy altar of Hepliaklqana.
  6732 | D:7      | Found a runed translucent door.
  6733 | D:7      | Noticed Crazy Yiuf
  6739 | D:7      | Paralysed by Crazy Yiuf for 1 turns
  6740 | D:7      | Killed Crazy Yiuf
  7094 | D:8      | Found a burning altar of Makhleb.
  7412 | D:8      | Reached skill level 5 in Spellcasting
  7762 | D:8      | Reached * piety under Vehumet
  7762 | D:8      | Offered knowledge of Sandblast by Vehumet.
  7894 | D:8      | Noticed a two-headed ogre
  7901 | D:8      | Killed a two-headed ogre
  7991 | D:8      | Found a runed translucent door.
  7991 | D:8      | Noticed Stonecrops's ghost (novice FoFi)
  7992 | D:8      | Noticed a cyclops
  8062 | D:8      | Noticed a troll
  8080 | D:8      | Killed a troll
  8081 | D:8      | Reached XP level 10. HP: 28/56 MP: 2/21
  8740 | D:9      | Reached skill level 10 in Necromancy
  9169 | D:9      | Reached skill level 10 in Earth Magic
  9409 | D:9      | Noticed a two-headed ogre
  9421 | D:9      | Killed a two-headed ogre
  9422 | D:9      | Noticed Psyche
  9443 | D:9      | Killed Psyche
  9465 | D:9      | Reached skill level 5 in Fighting
  9534 | D:9      | Learned a level 6 spell: Death Channel
 10291 | D:10     | Entered Level 10 of the Dungeon
 10413 | D:10     | Offered knowledge of Freeze by Vehumet.
 10687 | D:10     | Noticed Lodul
 10733 | D:10     | Killed Lodul
 10734 | D:10     | Reached XP level 11. HP: 44/63 MP: 7/25
 10765 | D:10     | Reached ** piety under Vehumet
 11024 | D:10     | Reached skill level 1 in Evocations
 11132 | D:10     | Found a runed translucent door.
 11135 | D:10     | Noticed Stonecrops's ghost (novice FoFi)
 11137 | D:10     | Identified the +4 trident "Wuygag" {elec, rElec Dex+2}
 11221 | D:10     | Found a staircase to the Lair.
 11954 | D:11     | Learned a level 4 spell: Petrify
 11990 | D:11     | Noticed a two-headed ogre
 12004 | D:11     | Killed a two-headed ogre
 12136 | D:11     | Noticed a two-headed ogre
 12146 | D:11     | Killed a two-headed ogre
 13135 | D:11     | Found a staircase to the Orcish Mines.
 13157 | D:11     | Offered knowledge of Volatile Blastmotes by Vehumet.
 13386 | Lair:1   | Entered Level 1 of the Lair of Beasts
 13555 | Lair:1   | Reached skill level 10 in Spellcasting
 13555 | Lair:1   | Reached skill level 1 in Alchemy
 13669 | Lair:1   | Noticed a catoblepas
 13829 | Lair:1   | Killed a catoblepas
 13917 | Lair:1   | Reached *** piety under Vehumet
 13923 | Lair:1   | Reached XP level 12. HP: 73/73 MP: 16/28
 15080 | Lair:2   | Noticed Erica
 15275 | Lair:2   | Noticed Maggie
 15291 | Lair:2   | Killed Maggie
 15459 | Lair:2   | Offered knowledge of Brom's Barrelling Boulder by Vehumet.
 15594 | Lair:2   | Found a staircase to the Swamp.
 15594 | Lair:2   | Noticed an eleionoma
 15596 | Lair:2   | Noticed a seven-headed hydra
 15599 | Lair:2   | Identified the ring "Zucoof" {Wiz Will++ Str+3}
 15608 | Lair:2   | Killed a seven-headed hydra
 15609 | Lair:2   | Reached skill level 10 in Fighting
 15638 | Lair:2   | Killed an eleionoma
 15900 | Lair:2   | Killed Erica
 16864 | Lair:3   | Reached **** piety under Vehumet
 17038 | Lair:3   | Identified the +3 chain mail of Rotten Miracles {rElec}
 17074 | Lair:3   | Reached XP level 13. HP: 33/82 MP: 21/31
 17223 | Lair:3   | Found a hole to the Spider Nest.
 17268 | Lair:3   | Offered knowledge of Stone Arrow by Vehumet.
 17401 | Lair:3   | Learned a level 3 spell: Stone Arrow
 18157 | Lair:3   | Noticed Amaemon
 18175 | Lair:3   | Killed Amaemon
 18433 | Lair:4   | Reached ***** piety under Vehumet
 18681 | Lair:4   | Offered knowledge of Iskenderun's Battlesphere by Vehumet.
 18736 | Lair:4   | Found the +3 warlock's mirror {omnireflect}
 18795 | Lair:4   | Reached skill level 15 in Spellcasting
 18904 | Lair:5   | Entered Level 5 of the Lair of Beasts
 18926 | Lair:4   | Reached skill level 1 in Shields
 18926 | Lair:4   | Reached skill level 1 in Conjurations
 19261 | Lair:5   | Found a viscous altar of Jiyva.
 19548 | Lair:5   | Reached skill level 5 in Conjurations
 19946 | Lair:5   | Found a staircase to the Slime Pits.
 20011 | Lair:5   | Reached skill level 5 in Shields
 20120 | Lair:5   | Reached XP level 14. HP: 88/88 MP: 25/35
 20957 | Lair:5   | Offered knowledge of Airstrike by Vehumet.
 21532 | Lair:5   | Identified the +9 dagger "Zorif" {holy, rF- rC++ Dex+6}
 21731 | Lair:5   | Found a corrupted altar of Lugonu.
 21731 | Lair:5   | Found a one-way gate to the infinite horrors of the Abyss.
 22216 | D:11     | Reached skill level 5 in Dodging
 22381 | D:11     | Noticed Urug
 22390 | D:11     | Killed Urug
 22600 | D:12     | Upgraded the game from 0.32-a0-646-g91cf321817 to
                  | 0.32-a0-675-gdc239d62e1
 23609 | D:12     | Noticed Rupert
 23622 | D:12     | Killed Rupert
 23670 | D:12     | Learned a level 4 spell: Airstrike
 25134 | D:13     | Offered knowledge of Ozocubu's Refrigeration by Vehumet.
 25143 | D:13     | Learned a level 7 spell: Ozocubu's Refrigeration
 25697 | D:13     | Noticed a tengu reaver
 26607 | D:12     | Killed a tengu reaver
 27744 | D:13     | Reached skill level 15 in Earth Magic
 27744 | D:13     | Reached skill level 1 in Air Magic
 27812 | D:13     | Reached XP level 15. HP: 87/92 MP: 8/36
 29341 | D:13     | Reached skill level 5 in Air Magic
 29341 | D:13     | Reached skill level 1 in Ice Magic
 29524 | D:14     | Found a gate to the Vaults.
 30409 | D:14     | Reached skill level 5 in Ice Magic
 31240 | D:14     | Found a snail-covered altar of Cheibriados.
 32638 | D:15     | Entered Level 15 of the Dungeon
 32638 | D:15     | Found Zin's Purification Station.
 32654 | D:15     | Found a glowing silver altar of Zin.
 32657 | D:15     | Bought a potion of curing for 90 gold pieces
 34186 | D:15     | Noticed Kirke
 34408 | D:14     | Killed Kirke
 34713 | D:15     | Reached skill level 10 in Ice Magic
 35503 | D:15     | Found a staircase to the Depths.
 35687 | D:15     | Found a hide-covered altar of Uskayaw.
 35930 | Spider:1 | Entered Level 1 of the Spider Nest
 36190 | Spider:1 | Reached XP level 16. HP: 97/97 MP: 10/37
 36269 | Spider:1 | Offered knowledge of Lee's Rapid Deconstruction by Vehumet.
 37240 | Spider:2 | Noticed Arachne
 37245 | Spider:2 | Killed Arachne
 38309 | Spider:3 | Identified the +8 war axe of Reason {freeze, Str+3 Int+2
                  | Dex+2}
 39249 | Spider:3 | Learned a level 7 spell: Orb of Destruction
 39315 | Spider:3 | HP: 4/145 [demonic crawler (10)]
 39317 | Spider:3 | Slain by a steelbarb worm

Illustrated notes

Levels and vault maps discovered:
D:1:      sevenhm_arrival_forest_fort_large_4, layout_rooms,
          shapermc_ecumenical_altar_rom_forum, minmay_liquid_box
D:2:      layout_loops_corners, wander_ebering_terrifying_dragon_lair
D:3:      layout_basic, general_overflow_altar, st_stairs_10,
          kennysheep_generic_room_9, uniq_jessica, uniq_grinder, uniq_sigmund
D:4:      layout_gridville, mainiacjoe_overflow_six_doors_small
D:5:      layout_loops_ring
D:6:      layout_basic, good_gods_mini_temple, nicolae_ru_the_path_less_chosen,
          uniq_duvessa
D:7:      layout_rooms, mainiacjoe_overflow_swirl,
          minmay_temple_entry_mini_moons, uniq_crazy_yiuf_cottage
D:8:      layout_loops_corners, makhleb_grotto_becter, ebering_ghost_inner_flame
D:9:      layout_irregular_city, uniq_psyche
D:10:     layout_long_grid, grunt_lair_entry_orc_guard_hut,
          ebering_ghost_funeral_grove, minmay_misc_feat_pillars, uniq_lodul
D:11:     layout_loops_ring, erik_orc_3, uniq_urug
D:12:     layout_basic, uniq_rupert
D:13:     nzn_winding_woodlands_medium [nzn_winding_woodlands_5x5_perimeter,
          nzn_winding_woodlands_5x15_lazy_stream,
          nzn_winding_woodlands_5x5_closed_star,
          nzn_winding_woodlands_hourglass, nzn_winding_woodlands_center_garden,
          nzn_winding_woodlands_5x5_checkerboard,
          nzn_winding_woodlands_5x5_cross,
          nzn_winding_woodlands_5x15_river_crossing,
          nzn_winding_woodlands_5x5_three], layout_loops_ring
D:14:     layout_long_grid, david_vaults_3, cheibriados_altar_1,
          chequers_garden, nicolae_hexahallways
D:15:     grunt_enter_depths_hoard, layout_layer_cave, nicolae_uskayaw_suspiria,
          zin_purify, uniq_kirke
Temple:   compressed_dpeg_triangle_lava_temple
Lair:1:   layout_hall_layers, nicolae_lair_grazing_beasts
          [nicolae_sub_lair_graze_edge, nicolae_sub_lair_graze_edge,
          nicolae_sub_lair_graze_edge, nicolae_sub_lair_graze_edge]
Lair:2:   layout_gridlike, alex1729_swamp_entry_worm_eleionoma,
          grunt_megastairs_5, lemuel_fruit_tree, lemuel_fruit_fields,
          uniq_erica, uniq_maggie
Lair:3:   layout_hall_layers, hellmonk_spider_entry_life_and_decay,
          nicolae_quartered_pool_medium, kennysheep_rathole, uniq_amaemon
Lair:4:   layout_cave_shapes
Lair:5:   hellmonk_lair_end_abyssal_woods, layout_misc_corridors,
          minmay_slime_entry_pillars
Spider:1: layout_spider_delve, hangedman_spider_tarantella_strand
Spider:2: layout_spider_delve, uniq_arachne
Spider:3: layout_cave_pods

Skill      XL: |  1  2  3  4  5  6  7  8  9 10 11 12 13 14 15 16 |
---------------+-------------------------------------------------+-----
Spellcasting   | 1 2 3 6 8 10 12 15 | 15.0
Fighting       | 3 5 8 10 | 10.0
Necromancy     | 1 2 5 7 9 11 12 | 12.0
Earth Magic    | 1 2 7 9 10 15 | 15.0
Polearms       | 2 4 5 6 7 |  7.0
Ranged Weapons | 2 |  2.0
Evocations     | 3 |  3.0
Alchemy        | 3 |  3.0
Shields        | 5 |  5.0
Conjurations   | 5 |  5.0
Dodging        | 6 |  6.0
Air Magic      | 2 5 |  5.0
Ice Magic      | 12 14 | 14.9
Short Blades   | |  2.0
Stealth        | |  6.0

Action                     |  1- 3 |  4- 6 |  7- 9 | 10-12 | 13-15 | 16-18 || total
---------------------------+-------+-------+-------+-------+-------+-------++-------
  Melee: Short sword       |    22 |       |       |       |       |       ||    22
         Trident           |       |    57 |   195 |   263 |       |       ||   515
         Lance             |       |       |       |    65 |   187 |    14 ||   266
   Fire: Sling             |       |    21 |   136 |     2 |       |       ||   159
   Cast: Borgnjor's Vile C |       |       |     7 |   191 |   323 |    14 ||   535
         Death Channel     |       |       |       |     5 |    26 |     1 ||    32
         Stone Arrow       |       |       |       |       |   332 |    27 ||   359
         Airstrike         |       |       |       |       |   107 |       ||   107
         Ozocubu's Refrige |       |       |       |       |    26 |    81 ||   107
  Evoke: Wand              |       |       |     4 |     5 |     3 |     5 ||    17
    Use: Potion            |     2 |       |     2 |     7 |       |     7 ||    18
         Scroll            |     1 |       |     8 |    10 |    17 |     5 ||    41
   Stab: Sleeping          |     4 |     1 |     5 |     2 |     2 |       ||    14
         Invisible         |       |       |       |     1 |       |       ||     1
         Distracted        |       |       |       |     1 |     7 |       ||     8
 Armour: Leather armour    |     6 |    42 |   161 |    83 |       |       ||   292
         Robe              |       |       |       |   266 |   363 |    88 ||   717
  Dodge: Dodged            |     9 |    21 |   124 |   245 |   277 |    33 ||   709
  Block: Buckler           |       |       |       |       |   148 |    26 ||   174
         Reflection        |       |       |       |       |    25 |     2 ||    27

Table legend: (Time is in decaauts)
 A = Elapsed time spent in this place.
 B = Non-inter-level travel time spent in this place.
 C = Inter-level travel time spent in this place.
 D = Time resting spent in this place.
 E = Time spent auto-exploring this place.
 F = Levels seen in this place.
 G = Mean time per level.
                   A        B        C        D        E       F      G
               +--------+--------+--------+--------+--------+-----+--------+
         Total |  39505 |  37817 |   1688 |  16381 |  15493 |  24 | 1646.0 |
       Dungeon |  27435 |  26198 |   1237 |  10747 |  11509 |  15 | 1829.0 |
        Temple |     18 |      2 |     16 |      0 |      0 |   1 |   18.0 |
          Lair |   8770 |   8403 |    367 |   3838 |   3039 |   5 | 1754.0 |
   Spider Nest |   3280 |   3213 |     67 |   1796 |    944 |   3 | 1093.3 |
               +--------+--------+--------+--------+--------+-----+--------+

Top non-repeatable levels by time:
    D:12: 4252 daAuts
    D:13: 3968 daAuts
    D:15: 2651 daAuts
  Lair:5: 2309 daAuts
    D:14: 2298 daAuts
    D:11: 2000 daAuts
     D:8: 1922 daAuts
    D:10: 1817 daAuts
  Lair:1: 1783 daAuts
  Lair:2: 1709 daAuts
  Lair:3: 1605 daAuts
     D:9: 1376 daAuts
     D:7: 1369 daAuts
  Lair:4: 1362 daAuts
Spider:1: 1277 daAuts
